 Dungeon Crawl Stone Soup version 0.30-b1-2-g02819fbbbe (webtiles) character file.

Game seed: 13777065871971313921

11 Alarkh the Grasshopper (level 2, 22/22 HPs)
             Began as a Demonspawn Warper on May 28, 2023.
             Got out of the dungeon alive.
             The game lasted 00:00:36 (261 turns).

Alarkh the Grasshopper (Demonspawn Warper)           Turns: 261, Time: 00:00:36

Health: 22/22      AC:  3    Str: 11    XL:     2   Next: 17%
Magic:  5/5        EV: 11    Int: 14    God:
Gold:   21         SH:  0    Dex: 12    Spells: 5/5 levels left

rFire   . .          .
                       - Unarmed
rCold   . . .        (no shield)
rNeg    . . .        a - +0 leather armour
rPois   .            (no helmet)
rElec   .            (no cloak)
rCorr   .            (no gloves)
SInv    .            (no boots)
Will    .....        (no amulet)
Stlth   +            (no ring)
HPRegen 0.23/turn    (no ring)
MPRegen 0.09/turn

%: no passive effects
@: no status effects
A: foul stench 1
a: no special abilities


You escaped.
You visited 1 branch of the dungeon, and saw 1 of its levels.

You collected 21 gold pieces.

Inventory:

Missiles
 c - 7 boomerangs of dispersal (quivered)
Armour
 a - a +0 leather armour (worn)
Scrolls
 b - a scroll of blinking
 e - a scroll of identify {unknown}
 f - a scroll of silence {unknown}
 g - 2 scrolls of noise {unknown}
Potions
 d - 2 potions of degeneration {unknown}
 h - a potion of berserk rage {unknown}


   Skills:
 - Level 2.0 Fighting
 - Level 0.8 Throwing
 - Level 0.8 Armour
 - Level 1.7 Dodging
 + Level 2.6 Unarmed Combat
 - Level 2.0 Spellcasting
 - Level 2.6 Translocations


You had 5 spell levels left.
You didn't know any spells.
Your spell library contained the following spells:

 Spells                   Type           Power      Damage    Failure   Level
 Blink                    Tloc           16%        N/A       16%         2
 Lesser Beckoning         Tloc           16%        N/A       16%         2
 Teleport Other           Tloc           8%         N/A       30%         3
 Vhi's Electric Charge    Tloc/Air       10%        N/A       47%         3
 Manifold Assault         Tloc           8%         N/A       71%         4


Dungeon Overview and Level Annotations

Branches:
Dungeon (1/15)

Altars:

Shops:
D:1 =!


Innate Abilities, Weirdness & Mutations

You may rarely emit foul miasma when damaged in melee.


Message History

You kill the hobgoblin!
The dart slug launches a dart at you. The slug dart misses you.
The frilled lizard bites you but does no damage.
You closely miss the frilled lizard. The frilled lizard closely misses you.
You hit the frilled lizard.
You kill the frilled lizard!
You have reached level 2!
Your demonic ancestry asserts itself...
You begin to emit a foul stench of rot and decay.
You hit the dart slug.
The dart slug is severely wounded.
The dart slug bites you.
You emit a cloud of foul miasma!
You hit the dart slug but do no damage.
The dart slug is severely wounded.
The kobold hits you with a +0 short sword.
You hit the dart slug.
You kill the dart slug!
The kobold hits you with a +0 short sword.
You barely miss the kobold. Your punch misses the kobold.
The kobold barely misses you.
You barely miss the kobold.
The kobold hits you with a +0 short sword.
You closely miss the kobold. You barely miss the kobold.
The kobold closely misses you.
You hit the kobold but do no damage.
The kobold hits you with a +0 short sword.
You hit the kobold but do no damage. The kobold barely misses you.
You hit the kobold.
You kill the kobold!
No target in view!
No target in view!
No target in view!
No target in view!
No target in view!
No target in view!
Found a leather armour.
There is a staircase leading out of the dungeon here.
Are you sure you want to leave the Dungeon?
This will make you lose the game!
You have escaped!

#..~~~~≈≈~..#..........
#....~~~≈..##..♣.......
#..~~.~~~...#..........
#~..~≈≈.~...#.♣∩♣......
#~...~~~...~#.†.......#
#~....~~...≈#.#♣.....##
#≈~.......~≈#.#########
#≈~.......~≈#.........>
#≈~...@...≈≈#..........
#≈≈~.....≈~≈#......#...
#≈≈~~...~≈≈≈#...#....##
#≈≈≈~~~~~≈≈≈#...)....#
#############..#####..#
#...# ##.# #...# ..


There were no monsters in sight!

Vanquished Creatures
  2 dart slugs (D:1)
  A bat (D:1)
  A hobgoblin (D:1)
  3 kobolds (D:1)
  A frilled lizard (D:1)
8 creatures vanquished.

Notes
Turn   | Place    | Note
-------+----------+-------------------------------------------
     0 | D:1      | Alarkh the Demonspawn Warper began the quest for the Orb.
     0 | D:1      | Reached XP level 1. HP: 16/16 MP: 3/3
    45 | D:1      | Found Qolaviot's Jewellery Emporium.
   177 | D:1      | Found Xasawk's Distillery.
   199 | D:1      | Found a faded altar of an unknown god.
   207 | D:1      | Gained mutation: You may rarely emit foul miasma when
                  | damaged in melee. [demonic ancestry]
   207 | D:1      | Reached XP level 2. HP: 22/22 MP: 5/5
   261 | D:$      | Got out of the dungeon alive.

Illustrated notes

Levels and vault maps discovered:
D:1:      dpeg_arrival_more_subterranean_lakeside_camping, layout_rooms,
          basic_ecumenical_altar, serial_shops, shop, nicolae_shop_rolled_up,
          nicolae_shop_trees, shop, lexackson_kobold_supper

Skill      XL: |  1 |
---------------+----+-----
Unarmed Combat | 2 |  2.6
Fighting       | |  2.0
Throwing       | |  0.8
Armour         | |  0.8
Dodging        | |  1.7
Spellcasting   | |  2.0
Translocations | |  2.6

Action                     || total
---------------------------++-------
  Melee: Unarmed           ||    33
         Punch             ||     2
 Armour: Leather armour    ||     9
  Dodge: Dodged            ||    30
